 Dungeon Crawl Stone Soup version 0.20.1-1-g8b1a95d (webtiles) character file.

1192 HessuHobo the Cleaver (level 8, -2/70 HPs)
             Began as a Minotaur Fighter on Oct 26, 2017.
             Was an Initiate of Trog.
             Slain by an orc warrior
             ... wielding a +0 glaive
              (13 damage)
             ... on level 6 of the Dungeon.
             The game lasted 00:10:02 (4073 turns).

HessuHobo the Cleaver (Minotaur Fighter)            Turns: 4073, Time: 00:10:02

Health: -2/70      AC: 13    Str: 26      XL:     8   Next: 20%
Magic:  7/7        EV:  6    Int:  4 (5)  God:    Trog [......]
Gold:   322        SH:  9    Dex:  9      Spells: 7/7 levels left

rFire    . . .     SeeInvis +   a - +0 war axe
rCold    . . .     Gourm    .   c - +0 shield
rNeg     . . .     Faith    .   g - +0 chain mail
rPois    .         Spirit   .   (helmet restricted)
rElec    .         Reflect  .   d - +2 cloak {MR+}
rCorr    .         Harm     .   (no gloves)
MR       +....                  (no boots)
Stlth    ..........             (no amulet)
Regen    0.3/turn               h - ring of see invisible
MPRegen  0.1/turn               x - ring of flight

@: hasted, drained, very quick
A: retaliatory headbutt, fangs 1, horns 2, strong 1, evolution 2
a: Burn Spellbooks, Renounce Religion, Evoke Flight


You were on level 6 of the Dungeon.
You worshipped Trog.
Trog was noncommittal.
You were full.

You visited 2 branches of the dungeon, and saw 7 of its levels.

You collected 322 gold pieces.

Inventory:

Hand Weapons
 a - a +0 war axe (weapon)
Armour
 c - a +0 shield (worn)
 d - a +2 cloak of magic resistance (worn)
 g - a +0 chain mail (worn)
Jewellery
 h - a ring of see invisible (left hand)
 o - an uncursed ring of magical power
 r - an uncursed ring of protection from fire {unknown}
 x - a ring of flight (right hand)
Wands
 m - a wand of random effects (18/48)
 p - a wand of iceblast (5/15)
 s - a wand of iceblast (6/15)
Scrolls
 b - a scroll of teleportation
 e - a scroll of fear
 l - a scroll of fog
 n - 5 scrolls of amnesia
 y - 3 scrolls of identify
Potions
 j - a potion of haste
 z - 4 potions of brilliance
Comestibles
 f - 3 bread rations
 i - 4 fruits
 k - a royal jelly
 t - 4 meat rations


   Skills:
 + Level 6.1(5.6) Fighting
 * Level 9.7(9.2) Axes
 + Level 5.9(5.5) Armour
 - Level 0.7(0.3) Dodging
 - Level 0.1(0.0) Stealth
 - Level 3.6(3.2) Shields


You had 7 spell levels left.
You didn't know any spells.

Dungeon Overview and Level Annotations

Branches:
Dungeon (6/15)             Temple (1/1) D:6

Altars:
Ashenzari
Cheibriados
Dithmenos
Elyvilon
Fedhas
Gozag
Hepliaklqana
Kikubaaqudgha
Makhleb
Nemelex Xobeh
Okawaru
Qazlal
Ru
Sif Muna
Trog
Uskayaw
Vehumet
Xom
Yredelemnul
Zin
The Shining One


Innate Abilities, Weirdness & Mutations

You reflexively headbutt those who attack you in melee.
You have a pair of horns on your head.
You have very sharp teeth.
Your muscles are strong. (Str +2)
You rapidly evolve.


Message History

The orc warrior hits you with a glaive!
* * * LOW HITPOINT WARNING * * *
You hit the orc warrior but do no damage.
You headbutt the orc warrior, but do no damage.
Your bite misses the orc warrior.
The orc warrior is severely wounded.
You hit the orc warrior but do no damage.
The orc warrior is severely wounded.
You block the orc warrior's attack.
You closely miss the orc warrior. Your headbutt misses the orc warrior.
The orc warrior is severely wounded.
You hit the orc warrior but do no damage.
The orc warrior is severely wounded.
The orc warrior hits you with a glaive.
* * * LOW HITPOINT WARNING * * *
You hit the orc warrior. Your headbutt misses the orc warrior.
You bite the orc warrior.
The orc warrior is almost dead.
The orc warrior hits you with a glaive!
You die...

###..........(...
##..).....###
#........#
###.####.###
##...# #.###
##..### #...##
###..## ###).#
......# ##.##
......# #.@#
#.....# ##.o....#
#....## ##.....#
#....# .....#
###### .!...#
.....# .....#
######


You could see an orc warrior.

Vanquished Creatures
  Eustachio (D:6)
  An ice beast (D:5)
  A sky beast (D:6)
  A phantom (D:4)
  2 ogres
  2 howler monkeys
  4 orc priests
  4 hounds
  A human skeleton (D:3)
  A bullfrog skeleton (D:5)
  An iguana (D:4)
  A worker ant (D:6)
  3 orc wizards
  An adder (D:3)
  An ooze (D:6)
  2 adder skeletons
  3 worms
  A dart slug (D:1)
  4 leopard geckos
  13 orcs
  2 giant cockroaches
  5 goblins
  6 hobgoblins
  10 jackals
  3 kobolds
  A quokka (D:4)
  2 ball pythons
  6 bats
  2 frilled lizards
  A jackal zombie (D:3)
  A leopard gecko zombie (D:5)
  A quokka skeleton (D:6)
  7 rats
95 creatures vanquished.

Notes
Turn   | Place    | Note
-------+----------+-------------------------------------------
     0 | D:1      | HessuHobo the Minotaur Fighter began the quest for the Orb.
     0 | D:1      | Reached XP level 1. HP: 19/19 MP: 0/0
   418 | D:1      | Reached XP level 2. HP: 27/27 MP: 1/1
   672 | D:2      | Reached skill level 3 in Axes
  1051 | D:2      | Reached XP level 3. HP: 32/33 MP: 2/2
  1360 | D:3      | Reached skill level 4 in Axes
  1361 | D:3      | Found a runed door.
  1361 | D:3      | Noticed a human
  1367 | D:3      | Reached XP level 4. HP: 38/41 MP: 3/3
  1370 | D:3      | Found a basalt altar of Yredelemnul.
  1804 | D:4      | Reached skill level 5 in Axes
  1998 | D:4      | Reached XP level 5. HP: 46/47 MP: 4/4
  2016 | D:4      | Noticed a phantom
  2031 | D:4      | Killed a phantom
  2031 | D:4      | Reached skill level 5 in Fighting
  2031 | D:4      | Reached skill level 6 in Axes
  2194 | D:4      | Reached XP level 6. HP: 56/56 MP: 5/5
  2805 | D:4      | Gained mutation: Your spells are a little easier to cast, but a little less powerful. [potion of mutation]
  2805 | D:4      | Gained mutation: Your magical capacity is low. (-10% MP) [potion of mutation]
  2805 | D:4      | Gained mutation: You possess an exceptional clarity of mind. [potion of mutation]
  2805 | D:4      | Gained mutation: You evolve. [potion of mutation]
  2904 | D:5      | Entered Level 5 of the Dungeon
  2921 | D:5      | Reached skill level 7 in Axes
  2921 | D:5      | Reached skill level 5 in Armour
  2940 | D:5      | Reached XP level 7. HP: 4/61 MP: 5/5
  3109 | D:5      | Lost mutation: You possess an exceptional clarity of mind. [potion of mutation]
  3109 | D:5      | Lost mutation: Your spells are a little easier to cast, but a little less powerful. [potion of mutation]
  3109 | D:5      | Lost mutation: Your magical capacity is low. (-10% MP) [potion of mutation]
  3109 | D:5      | Gained mutation: You rapidly evolve. [potion of mutation]
  3109 | D:5      | Gained mutation: You have very sharp teeth. [potion of mutation]
  3109 | D:5      | Gained mutation: Your muscles are strong. (Str +2) [potion of mutation]
  3258 | D:5      | Found a sparkling altar of Nemelex Xobeh.
  3517 | D:5      | Reached skill level 8 in Axes
  3715 | D:6      | Found a staircase to the Ecumenical Temple.
  3729 | Temple   | Entered the Ecumenical Temple
  3890 | Temple   | Became a worshipper of Trog the Wrathful
  3987 | D:6      | Reached skill level 9 in Axes
  3987 | D:6      | Reached XP level 8. HP: 68/70 MP: 7/7
  4045 | D:6      | Noticed Eustachio
  4059 | D:6      | Killed Eustachio
  4073 | D:6      | Slain by an orc warrior

Skill      XL: |  1  2  3  4  5  6  7  8 |
---------------+-------------------------+-----
Fighting       | 4 5 6 |  6.1
Axes           | 3 4 5 6 7 9 |  9.7
Armour         | 4 5 |  5.9
Dodging        | |  0.7
Stealth        | |  0.1
Shields        | |  3.6

Action                   |  1- 3 |  4- 6 |  7- 9 || total
-------------------------+-------+-------+-------++-------
Melee: War axe           |    83 |   132 |    89 ||   304
       Headbutt          |     6 |    17 |    13 ||    36
       Bite              |       |       |     9 ||     9
Invok: Burn Spellbooks   |       |       |     1 ||     1
  Use: Potion            |       |    11 |     7 ||    18
       Scroll            |       |     7 |     4 ||    11
  Eat: Chunk             |     1 |       |       ||     1
       Bread ration      |       |     1 |     2 ||     3
       Fruit             |       |     1 |       ||     1
Armor: Scale mail        |     3 |       |       ||     3
       Chain mail        |    41 |    67 |    40 ||   148
Dodge: Dodged            |    20 |    25 |    21 ||    66
Block: Shield            |    37 |    76 |    37 ||   150
